[Event "GambitGuide"]
[Site "Internet Chess Club"]
[Date "2014.10.30"]
[Round "1"]
[White "JSBach"]
[Black "TallTower"]
[Result "0-1"]
[ICCResult "White checkmated"]
[WhiteElo "1662"]
[BlackElo "1641"]
[Opening "Vienna: `Frankenstein-Dracula' variation"]
[ECO "C27"]
[NIC "VG.02"]
[Time "16:56:22"]
[TimeControl "120+12"]

1. e4 e5 2. Nc3 Nf6 3. Bc4 Nxe4 4. Qh5 Nd6 5. Bb3 Nc6 6. Nb5 g6 7. Qf3 f5 8.
Qd5 Qe7 9. Nxc7+ Kd8 10. Nxa8 b6 11. Ba4 Bb7 12. Nxb6 axb6 13. Qb3 b5 14.
Nf3 bxa4 15. Qxa4 Nd4 16. Nxd4 exd4+ 17. Kf1 Bg7 18. b4 Re8 19. Qa5+ Kc8 20.
Qc5+ Kb8 21. Qxd6+ Qxd6 22. Rb1 Qe5 23. Ba3 Qe2+ 24. Kg1 Qxd2 25. h4 Re1+
26. Rxe1 Qxe1+ 27. Kh2 Qxf2 28. Rg1 Qxh4# {White checkmated} 0-1

[Event "GambitGuide"]
[Site "Internet Chess Club"]
[Date "2014.10.30"]
[Round "1"]
[White "JSBach"]
[Black "mikyoo"]
[Result "1-0"]
[ICCResult "Black resigns"]
[WhiteElo "1662"]
[BlackElo "1387"]
[Opening "Vienna: `Frankenstein-Dracula' variation"]
[ECO "C27"]
[NIC "VG.02"]
[Time "16:52:27"]
[TimeControl "120+12"]

1. e4 e5 2. Nc3 Nf6 3. Bc4 Nxe4 4. Qh5 Nd6 5. Bb3 Nc6 6. Nb5 g6 7. Qf3 f5 8.
Qd5 Qe7 9. Nxc7+ Kd8 10. Nxa8 b6 11. Ba4 Bb7 12. Nxb6 axb6 13. Qb3 b5 14.
Nf3 bxa4 15. Qxa4 e4 16. Nd4 Nxd4 17. Qxd4 Bg7 18. Qc5 Re8 19. Qb6+ Kc8 20.
O-O f4 21. Re1 f3 22. gxf3 Qg5+ 23. Kf1 exf3 24. Rxe8+ Nxe8 25. d4 Qg2+ 26.
Ke1 Qg1+ 27. Kd2 Qxf2+ 28. Kc3 Qe1+ 29. Kb3 f2 30. Qc5+ Nc7 31. Bf4 Bc6 32.
Qb6 Qe6+ 33. Ka3 Bf8+ 34. b4 Nb5+ 35. Kb2 Bd6 36. a4 Qc4 37. Qa6+ Kd8 38.
Bg5+ Be7 39. Qb6+ Ke8 40. Qb8+ Kf7 41. Qf4+ Kg8 42. Bxe7 Qxb4+ 43. Bxb4
{Black resigns}
1-0

[Event "GambitGuide"]
[Site "Internet Chess Club"]
[Date "2014.10.30"]
[Round "1"]
[White "JSBach"]
[Black "Chisel"]
[Result "1-0"]
[ICCResult "Black resigns"]
[WhiteElo "1662"]
[BlackElo "1806"]
[Opening "Vienna: `Frankenstein-Dracula' variation"]
[ECO "C27"]
[NIC "VG.02"]
[Time "16:55:56"]
[TimeControl "120+12"]

1. e4 e5 2. Nc3 Nf6 3. Bc4 Nxe4 4. Qh5 Nd6 5. Bb3 Nc6 6. Nb5 g6 7. Qf3 f5 8.
Qd5 Qe7 9. Nxc7+ Kd8 10. Nxa8 b6 11. Ba4 Bb7 12. Nxb6 axb6 13. Qb3 Kc7 14.
Ne2 Bg7 15. O-O Nd4 16. Nxd4 exd4 17. f3 Be5 18. f4 Bf6 19. Qb4 Re8 20. Rf2
g5 21. fxg5 Bxg5 22. Qxd4 Ne4 23. Rxf5 Bf6 24. Qd3 Qg7 25. c3 Ng5 26. Rxf6
Qxf6 27. Qxd7+ Kb8 28. Qxe8+ Ka7 29. d4 Nh3+ 30. gxh3 Qg7+ 31. Kf1 Qg2+ 32.
Ke1 Qg1+ 33. Kd2 Qg5+ 34. Qe3 {Black resigns} 1-0

[Event "GambitGuide"]
[Site "Internet Chess Club"]
[Date "2014.10.30"]
[Round "1"]
[White "JSBach"]
[Black "clicklock"]
[Result "1-0"]
[ICCResult "Black resigns"]
[WhiteElo "1662"]
[BlackElo "1336"]
[Opening "Vienna: `Frankenstein-Dracula' variation"]
[ECO "C27"]
[NIC "VG.02"]
[Time "16:55:32"]
[TimeControl "120+12"]

1. e4 e5 2. Nc3 Nf6 3. Bc4 Nxe4 4. Qh5 Nd6 5. Bb3 Nc6 6. Nb5 g6 7. Qf3 f5 8.
Qd5 Qe7 9. Nxc7+ Kd8 10. Nxa8 b6 11. Ba4 b5 12. Bxb5 Nxb5 13. Qxb5 Qb4 14.
Qxb4 Nxb4 15. Ke2 Nxc2 16. Rb1 Ba6+ 17. Kd1 Bd3 18. g3 Ne3+ 19. dxe3 Bxb1
20. Bd2 Be4 21. f3 Bxa8 22. Bc3 d6 23. h4 Bh6 24. Ke2 Kd7 25. h5 g5 26. Nh3
g4 27. Ng1 gxf3+ 28. Nxf3 Rg8 29. Rd1 Rxg3 30. Rxd6+ Ke7 31. Rxh6 Bxf3+ 32.
Kf2 Rh3 33. Rxh7+ Kd6 34. Bb4+ Kd5 35. h6 Be4 36. Bc3 f4 37. Rxa7 fxe3+ 38.
Ke2 Rxh6 39. Ra5+ Kc4 40. Kxe3 Bc6 41. Rxe5 Rh3+ 42. Kf4 Rf3+ 43. Kg4 Rf2
44. a3 Bd7+ 45. Kg3 Rd2 46. Bxd2 {Black resigns} 1-0

[Event "GambitGuide"]
[Site "Internet Chess Club"]
[Date "2014.10.30"]
[Round "1"]
[White "JSBach"]
[Black "mikyoo"]
[Result "1-0"]
[ICCResult "Black checkmated"]
[WhiteElo "1662"]
[BlackElo "1387"]
[Opening "Vienna: `Frankenstein-Dracula' variation"]
[ECO "C27"]
[NIC "VG.02"]
[Time "16:57:32"]
[TimeControl "120+12"]

1. e4 e5 2. Nc3 Nf6 3. Bc4 Nxe4 4. Qh5 Nd6 5. Bb3 Nc6 6. Nb5 g6 7. Qf3 f5 8.
Qd5 Qe7 9. Nxc7+ Kd8 10. Nxa8 b6 11. Ba4 Bb7 12. Nxb6 axb6 13. Qb3 b5 14.
Nf3 bxa4 15. Qxa4 e4 16. Nd4 Nxd4 17. Qxd4 Bg7 18. Qc5 Re8 19. Qa7 Qe5 20.
O-O f4 21. Re1 f3 22. gxf3 Qg5+ 23. Kh1 exf3 24. Qb8+ Bc8 25. Qb6#
{Black checkmated}
1-0

[Event "GambitGuide"]
[Site "Internet Chess Club"]
[Date "2014.10.30"]
[Round "1"]
[White "JSBach"]
[Black "Zheus"]
[Result "1-0"]
[ICCResult "Black resigns"]
[WhiteElo "1662"]
[BlackElo "2019"]
[Opening "Vienna: `Frankenstein-Dracula' variation"]
[ECO "C27"]
[NIC "VG.02"]
[Time "16:57:04"]
[TimeControl "120+12"]

1. e4 e5 2. Nc3 Nf6 3. Bc4 Nxe4 4. Qh5 Nd6 5. Bb3 Nc6 6. Nb5 g6 7. Qf3 f5 8.
Qd5 Qe7 9. Nxc7+ Kd8 10. Nxa8 b6 11. Ba4 Bb7 12. Nxb6 axb6 13. Qb3 Kc7 14.
Ne2 Na5 15. Qg3 Ne4 16. Qh3 Qb4 17. b3 b5 18. c3 Qc5 19. d4 exd4 20. Bf4+ d6
21. Nxd4 Qxc3+ 22. Qxc3+ Nxc3 23. Bxb5 Bg7 24. Ne6+ Kb6 25. f3 Bf6 26. Bd3
Re8 27. Be3+ Kc6 28. Rc1 Rxe6 29. Kf2 Kd7 30. Bb6 Nc6 31. Bc4 Re8 32. Rc2
Rc8 33. Re1 Ra8 34. a4 Ba6 35. Be6+ Ke8 36. Bd5+ Kd7 37. Bf7 Bd3 38. Be6+
Ke8 39. Bxf5+ {Black resigns} 1-0

[Event "GambitGuide"]
[Site "Internet Chess Club"]
[Date "2014.10.30"]
[Round "1"]
[White "JSBach"]
[Black "Chisel"]
[Result "0-1"]
[ICCResult "White checkmated"]
[WhiteElo "1662"]
[BlackElo "1806"]
[Opening "Vienna: `Frankenstein-Dracula' variation"]
[ECO "C27"]
[NIC "VG.02"]
[Time "16:58:00"]
[TimeControl "120+12"]

1. e4 e5 2. Nc3 Nf6 3. Bc4 Nxe4 4. Qh5 Nd6 5. Bb3 Nc6 6. Nb5 g6 7. Qf3 f5 8.
Qd5 Qe7 9. Nxc7+ Kd8 10. Nxa8 b6 11. Ba4 Bb7 12. Nxb6 axb6 13. Qb3 Kc7 14.
Ne2 Bg7 15. Nc3 Nd4 16. Nd5+ Bxd5 17. Qxd5 Re8 18. c3 f4 19. cxd4 exd4+ 20.
Kd1 Qe2+ 21. Kc2 Re5 22. Qg8 Rc5+ 23. Qc4 Qxc4+ 24. Kd1 Qxa4+ 25. b3 Qb5 26.
Bb2 Qd3 27. Bc1 Qc2+ 28. Ke2 Re5+ 29. Kf3 Qe4+ 30. Kg4 h5+ 31. Kh3 Qf5+ 32.
Kh4 Qg4# {White checkmated} 0-1

[Event "GambitGuide"]
[Site "Internet Chess Club"]
[Date "2014.10.30"]
[Round "1"]
[White "JSBach"]
[Black "clicklock"]
[Result "1-0"]
[ICCResult "Black resigns"]
[WhiteElo "1662"]
[BlackElo "1336"]
[Opening "Vienna: `Frankenstein-Dracula' variation"]
[ECO "C27"]
[NIC "VG.02"]
[Time "16:58:18"]
[TimeControl "120+12"]

1. e4 e5 2. Nc3 Nf6 3. Bc4 Nxe4 4. Qh5 Nd6 5. Bb3 Nc6 6. Nb5 g6 7. Qf3 f5 8.
Qd5 Qe7 9. Nxc7+ Kd8 10. Nxa8 b6 11. Ba4 b5 12. Bxb5 Nxb5 13. Qxb5 Qb4 14.
Qxb4 Nxb4 15. Ke2 Nxc2 16. Rb1 Ba6+ 17. d3 e4 18. Bg5+ Be7 19. Bxe7+ Kxe7
20. Kd2 exd3 21. Nc7 Bb7 22. f3 Rc8 23. Nb5 Nb4 24. Nd4 Nxa2 25. Re1+ Kf6
26. Kxd3 Ba6+ 27. Kd2 Nb4 28. Ra1 Rc4 29. Nge2 d5 30. b3 Rc7 31. Rhe1 Bxe2
32. Rxe2 Nc6 33. Ra6 {Black resigns} 1-0

[Event "GambitGuide"]
[Site "Internet Chess Club"]
[Date "2014.10.30"]
[Round "1"]
[White "JSBach"]
[Black "fishhead"]
[Result "1-0"]
[ICCResult "Black resigns"]
[WhiteElo "1662"]
[BlackElo "1597"]
[Opening "Vienna: `Frankenstein-Dracula' variation"]
[ECO "C27"]
[NIC "VG.02"]
[Time "16:59:53"]
[TimeControl "120+12"]

1. e4 e5 2. Nc3 Nf6 3. Bc4 Nxe4 4. Qh5 Nd6 5. Bb3 Nc6 6. Nb5 g6 7. Qf3 f5 8.
Qd5 Qe7 9. Nxc7+ Kd8 10. Nxa8 b6 11. Ba4 Bb7 12. Nxb6 axb6 13. Qb3 b5 14. d3
bxa4 15. Qxa4 Nc8 16. a3 Bg7 17. Qb3 d6 18. Bg5 {Black resigns} 1-0

[Event "GambitGuide"]
[Site "Internet Chess Club"]
[Date "2014.10.30"]
[Round "1"]
[White "JSBach"]
[Black "fishhead"]
[Result "1-0"]
[ICCResult "Black resigns"]
[WhiteElo "1662"]
[BlackElo "1597"]
[Opening "Vienna: `Frankenstein-Dracula' variation"]
[ECO "C27"]
[NIC "VG.02"]
[Time "17:00:36"]
[TimeControl "120+12"]

1. e4 e5 2. Nc3 Nf6 3. Bc4 Nxe4 4. Qh5 Nd6 5. Bb3 Nc6 6. Nb5 g6 7. Qf3 f5 8.
Qd5 Qe7 9. Nxc7+ Kd8 10. Nxa8 b6 11. Ba4 Bb7 12. Nxb6 axb6 13. Qb3 b5 14.
Nf3 bxa4 15. Qxa4 Bg7 16. O-O Ke8 17. Re1 Kf7 18. d4 e4 19. Bg5 Bf6 20. Bh6
Ra8 21. Qb3+ Qe6 22. d5 {Black resigns} 1-0

[Event "GambitGuide"]
[Site "Internet Chess Club"]
[Date "2014.10.30"]
[Round "1"]
[White "JSBach"]
[Black "clicklock"]
[Result "1-0"]
[ICCResult "Black checkmated"]
[WhiteElo "1662"]
[BlackElo "1336"]
[Opening "Vienna: `Frankenstein-Dracula' variation"]
[ECO "C27"]
[NIC "VG.02"]
[Time "17:00:34"]
[TimeControl "120+12"]

1. e4 e5 2. Nc3 Nf6 3. Bc4 Nxe4 4. Qh5 Nd6 5. Bb3 Nc6 6. Nb5 g6 7. Qf3 f5 8.
Qd5 Qe7 9. Nxc7+ Kd8 10. Nxa8 b6 11. Ba4 b5 12. Bxb5 Nxb5 13. Qxb5 Nd4 14.
Qa5+ Ke8 15. Nc7+ Kf7 16. Qd5+ Kg7 17. Kd1 Qg5 18. Qxe5+ Kg8 19. Qxd4 Qxg2
20. Qc4+ Kg7 21. Ne8+ Kh6 22. Qh4# {Black checkmated} 1-0

[Event "GambitGuide"]
[Site "Internet Chess Club"]
[Date "2014.10.30"]
[Round "1"]
[White "JSBach"]
[Black "seikster"]
[Result "1-0"]
[ICCResult "Black resigns"]
[WhiteElo "1662"]
[BlackElo "1472"]
[Opening "Vienna: `Frankenstein-Dracula' variation"]
[ECO "C27"]
[NIC "VG.02"]
[Time "16:59:46"]
[TimeControl "120+12"]

1. e4 e5 2. Nc3 Nf6 3. Bc4 Nxe4 4. Qh5 Nd6 5. Bb3 Nc6 6. Nb5 g6 7. Qf3 f5 8.
Qd5 Qe7 9. Nxc7+ Kd8 10. Nxa8 b6 11. Ba4 Bb7 12. Nxb6 axb6 13. Qb3 Kc7 14.
Ne2 Bg7 15. Nc3 Na5 16. Nd5+ Bxd5 17. Qxd5 Qe6 18. Qxe6 dxe6 19. b4 Nc6 20.
Ba3 Ra8 21. Bxc6 Kxc6 22. Bb2 Nc4 23. Bc3 {Black resigns} 1-0

[Event "GambitGuide"]
[Site "Internet Chess Club"]
[Date "2014.10.30"]
[Round "1"]
[White "JSBach"]
[Black "clicklock"]
[Result "1-0"]
[ICCResult "Black resigns"]
[WhiteElo "1662"]
[BlackElo "1336"]
[Opening "Vienna: `Frankenstein-Dracula' variation"]
[ECO "C27"]
[NIC "VG.02"]
[Time "17:01:36"]
[TimeControl "120+12"]

1. e4 e5 2. Nc3 Nf6 3. Bc4 Nxe4 4. Qh5 Nd6 5. Bb3 Nc6 6. Nb5 g6 7. Qf3 f5 8.
Qd5 Qe7 9. Nxc7+ Kd8 10. Nxa8 b6 11. Ba4 b5 12. Bxb5 Nxb5 13. Qxb5 Qb4 14.
Qxb4 Nxb4 15. Ke2 Ba6+ 16. d3 Nxc2 17. Rb1 e4 18. Bg5+ Be7 19. Bxe7+ Kxe7
20. Kd2 exd3 21. Nc7 Rc8 22. Nxa6 {Black resigns} 1-0

[Event "GambitGuide"]
[Site "Internet Chess Club"]
[Date "2014.10.30"]
[Round "1"]
[White "JSBach"]
[Black "Zheus"]
[Result "1-0"]
[ICCResult "Black checkmated"]
[WhiteElo "1662"]
[BlackElo "2019"]
[Opening "Vienna: `Frankenstein-Dracula' variation"]
[ECO "C27"]
[NIC "VG.02"]
[Time "16:59:26"]
[TimeControl "120+12"]

1. e4 e5 2. Nc3 Nf6 3. Bc4 Nxe4 4. Qh5 Nd6 5. Bb3 Nc6 6. Nb5 g6 7. Qf3 f5 8.
Qd5 Qe7 9. Nxc7+ Kd8 10. Nxa8 b6 11. Ba4 Bb7 12. Nxb6 axb6 13. Qb3 Kc7 14.
Ne2 Na5 15. Qh3 b5 16. Bb3 Nxb3 17. axb3 Ne4 18. f3 Ng5 19. Qg3 d6 20. f4
Ne4 21. Qe3 Bh6 22. O-O Re8 23. Ra5 Bc6 24. Ra7+ Bb7 25. Qd3 Kb6 26. Ra2 Nc5
27. Qh3 Bg7 28. Qxh7 exf4 29. Qxg6 Qxe2 30. Qxg7 f3 31. gxf3 Bxf3 32. Qg3
Bc6 33. Rxf5 Re4 34. h3 Qd1+ 35. Rf1 Qe2 36. b4 Rxb4 37. c3 Re4 38. d4 Nd3
39. d5 Bxd5 40. Qxd6+ Bc6 41. Qd8+ Kc5 42. Rf5+ Re5 43. Qd4# {Black
checkmated} 1-0

[Event "GambitGuide"]
[Site "Internet Chess Club"]
[Date "2014.10.30"]
[Round "1"]
[White "JSBach"]
[Black "wmanthony"]
[Result "1-0"]
[ICCResult "Black resigns"]
[WhiteElo "1662"]
[BlackElo "1407"]
[Opening "Vienna: `Frankenstein-Dracula' variation"]
[ECO "C27"]
[NIC "VG.02"]
[Time "17:00:52"]
[TimeControl "120+12"]

1. e4 e5 2. Nc3 Nf6 3. Bc4 Nxe4 4. Qh5 Nd6 5. Bb3 Nc6 6. Nb5 g6 7. Qf3 f5 8.
Qd5 Qe7 9. Nxc7+ Kd8 10. Nxa8 b6 11. Ba4 Bb7 12. Nxb6 axb6 13. Qb3 Nc8 14.
Ne2 Nd4 15. Nxd4 exd4+ 16. Kf1 Qe4 17. f3 Qd5 18. Kf2 Bc5 19. d3 Na7 20. Re1
Re8 21. Bg5+ {Black resigns} 1-0

[Event "GambitGuide"]
[Site "Internet Chess Club"]
[Date "2014.10.30"]
[Round "1"]
[White "JSBach"]
[Black "Zheus"]
[Result "1-0"]
[ICCResult "Black resigns"]
[WhiteElo "1662"]
[BlackElo "2019"]
[Opening "Vienna: `Frankenstein-Dracula' variation"]
[ECO "C27"]
[NIC "VG.02"]
[Time "17:02:43"]
[TimeControl "120+12"]

1. e4 e5 2. Nc3 Nf6 3. Bc4 Nxe4 4. Qh5 Nd6 5. Bb3 Nc6 6. Nb5 g6 7. Qf3 f5 8.
Qd5 Qe7 9. Nxc7+ Kd8 10. Nxa8 b6 11. Ba4 Bb7 12. Nxb6 axb6 13. Qb3 Kc7 14.
Ne2 Na5 15. Qh3 Bc6 16. Bxc6 dxc6 17. Qd3 b5 18. a4 Bh6 19. axb5 {Black
resigns} 1-0

[Event "GambitGuide"]
[Site "Internet Chess Club"]
[Date "2014.10.30"]
[Round "1"]
[White "JSBach"]
[Black "Augustus"]
[Result "1-0"]
[ICCResult "Black checkmated"]
[WhiteElo "1662"]
[BlackElo "1003"]
[Opening "Vienna: `Frankenstein-Dracula' variation"]
[ECO "C27"]
[NIC "VG.02"]
[Time "17:01:32"]
[TimeControl "120+12"]

1. e4 e5 2. Nc3 Nf6 3. Bc4 Nxe4 4. Qh5 Nd6 5. Bb3 Nc6 6. Nb5 g6 7. Qf3 f5 8.
Qd5 Qe7 9. Nxc7+ Kd8 10. Nxa8 b6 11. Ba4 Bb7 12. Nxb6 axb6 13. Qb3 Kc7 14.
Ne2 Nd4 15. Nxd4 exd4+ 16. Kf1 Bg7 17. d3 Re8 18. Be3 dxe3 19. Re1 Qh4 20.
fxe3 f4 21. e4 Bd4 22. Re2 Be3 23. Qc3+ Kb8 24. Bxd7 Re7 25. Bc6 Rc7 26.
Rxe3 fxe3 27. g3 Qg4 28. Ke1 Qf3 29. Rf1 Qg2 30. Rf8+ Ka7 31. Qa3+ Ba6 32.
Ra8# {Black checkmated} 1-0

[Event "GambitGuide"]
[Site "Internet Chess Club"]
[Date "2014.10.30"]
[Round "1"]
[White "JSBach"]
[Black "clicklock"]
[Result "1-0"]
[ICCResult "Black resigns"]
[WhiteElo "1662"]
[BlackElo "1336"]
[Opening "Vienna: `Frankenstein-Dracula' variation"]
[ECO "C27"]
[NIC "VG.02"]
[Time "17:02:22"]
[TimeControl "120+12"]

1. e4 e5 2. Nc3 Nf6 3. Bc4 Nxe4 4. Qh5 Nd6 5. Bb3 Nc6 6. Nb5 g6 7. Qf3 f5 8.
Qd5 Qe7 9. Nxc7+ Kd8 10. Nxa8 b6 11. Ba4 b5 12. Bxb5 Nxb5 13. Qxb5 Qb4 14.
Qxb4 Nxb4 15. Ke2 Nxc2 16. Rb1 Ba6+ 17. d3 Bb7 18. Bg5+ Be7 19. Bxe7+ Kxe7
20. Kd1 Bxg2 21. Nc7 Bxh1 22. Nb5 Nd4 23. Nxd4 exd4 24. f3 Bg2 25. Rc1 Rb8
26. Rc2 Bf1 27. Kd2 g5 28. a3 g4 29. b4 gxf3 30. Nxf3 Bg2 31. Nxd4 Bd5 32.
Rc5 Be6 33. Rc7 a5 34. Ra7 axb4 35. Nc6+ {Black resigns} 1-0

[Event "GambitGuide"]
[Site "Internet Chess Club"]
[Date "2014.10.30"]
[Round "1"]
[White "JSBach"]
[Black "Zheus"]
[Result "1-0"]
[ICCResult "Black resigns"]
[WhiteElo "1662"]
[BlackElo "2019"]
[Opening "Vienna: `Frankenstein-Dracula' variation"]
[ECO "C27"]
[NIC "VG.02"]
[Time "17:03:03"]
[TimeControl "120+12"]

1. e4 e5 2. Nc3 Nf6 3. Bc4 Nxe4 4. Qh5 Nd6 5. Bb3 Nc6 6. Nb5 g6 7. Qf3 f5 8.
Qd5 Qe7 9. Nxc7+ Kd8 10. Nxa8 b6 11. Ba4 Bb7 12. Nxb6 axb6 13. Qb3 Kc7 14.
Ne2 Na5 15. Qg3 Ne4 16. Qh3 Qb4 17. Bb3 Nxb3 18. axb3 Bc5 19. Rf1 h5 20. Ra4
Qb5 21. d4 exd4 22. Bf4+ d6 23. Nxd4 Bxd4 24. Rxd4 Qa5+ 25. Ke2 Rd8 26. Rfd1
Qc5 27. Kf1 g5 28. Be3 Qxc2 29. Rc4+ Qxc4+ 30. bxc4 {Black resigns} 1-0

[Event "GambitGuide"]
[Site "Internet Chess Club"]
[Date "2014.10.30"]
[Round "1"]
[White "JSBach"]
[Black "Zheus"]
[Result "1-0"]
[ICCResult "Black resigns"]
[WhiteElo "1662"]
[BlackElo "2019"]
[Opening "Vienna: `Frankenstein-Dracula' variation"]
[ECO "C27"]
[NIC "VG.02"]
[Time "17:04:27"]
[TimeControl "120+12"]

1. e4 e5 2. Nc3 Nf6 3. Bc4 Nxe4 4. Qh5 Nd6 5. Bb3 Nc6 6. Nb5 g6 7. Qf3 f5 8.
Qd5 Qe7 9. Nxc7+ Kd8 10. Nxa8 b6 11. Ba4 Bb7 12. Nxb6 axb6 13. Qb3 Na5 14.
Qxb6+ {Black resigns} 1-0

[Event "GambitGuide"]
[Site "Internet Chess Club"]
[Date "2014.10.30"]
[Round "1"]
[White "JSBach"]
[Black "Mania"]
[Result "1-0"]
[ICCResult "Black resigns"]
[WhiteElo "1662"]
[BlackElo "2075"]
[Opening "Vienna: `Frankenstein-Dracula' variation"]
[ECO "C27"]
[NIC "VG.02"]
[Time "17:04:09"]
[TimeControl "120+12"]

1. e4 e5 2. Nc3 Nf6 3. Bc4 Nxe4 4. Qh5 Nd6 5. Bb3 Nc6 6. Nb5 g6 7. Qf3 f5 8.
Qd5 Qe7 9. Nxc7+ Kd8 10. Nxa8 b6 11. Ba4 Bb7 12. Nxb6 axb6 13. Qb3 Kc7 14.
Ne2 Bg7 15. Nc3 Qe6 16. Nd5+ Kb8 17. Nxb6 Qxb3 18. axb3 Kc7 19. Nd5+ Kd8 20.
d3 {Black resigns} 1-0

[Event "GambitGuide"]
[Site "Internet Chess Club"]
[Date "2014.10.30"]
[Round "1"]
[White "JSBach"]
[Black "fishhead"]
[Result "1/2-1/2"]
[ICCResult "Game drawn because neither player has mating material"]
[WhiteElo "1662"]
[BlackElo "1597"]
[Opening "Vienna: `Frankenstein-Dracula' variation"]
[ECO "C27"]
[NIC "VG.02"]
[Time "17:01:11"]
[TimeControl "120+12"]

1. e4 e5 2. Nc3 Nf6 3. Bc4 Nxe4 4. Qh5 Nd6 5. Bb3 Nc6 6. Nb5 g6 7. Qf3 f5 8.
Qd5 Qe7 9. Nxc7+ Kd8 10. Nxa8 b6 11. Ba4 Bb7 12. Nxb6 axb6 13. Qb3 b5 14.
Nf3 bxa4 15. Qxa4 Bg7 16. O-O Kc7 17. Re1 Qf7 18. Ng5 Qd5 19. d3 Ra8 20. Qb3
Nd4 21. Qxd5 Bxd5 22. Be3 Ne6 23. Nxh7 f4 24. Bd2 Nd4 25. c4 Bc6 26. c5 N6f5
27. Red1 Rh8 28. Ng5 Bf6 29. Ne4 Be7 30. Re1 g5 31. f3 Nc2 32. Bc3 Nxe1 33.
Bxe5+ Kb7 34. Bxh8 Nxd3 35. a4 Nxc5 36. Nc3 Nb3 37. Re1 Bc5+ 38. Kh1 Ne3 39.
Bf6 g4 40. Ne4 gxf3 41. gxf3 Bb4 42. Re2 d5 43. Nc3 d4 44. Rf2 d3 45. Nb1 d2
46. Nxd2 Nxd2 47. Be5 Nd5 48. h4 Nc4 49. Bd4 Be7 50. Rc2 Nce3 51. Rc1 Bxh4
52. a5 Bb5 53. Kh2 Bg3+ 54. Kg1 Nb4 55. Rc5 Be2 56. Rh5 Bxf3 57. Rb5+ Ka6
58. Rxb4 Kxa5 59. Rb3 Bd5 60. Ra3+ Kb4 61. Bxe3 fxe3 62. Rxe3 Bf4 63. Re2
Kb3 64. Kf2 Bc4 65. Re4 Bc1 66. Rxc4 Kxc4 67. Kg3 Bxb2
{Game drawn because neither player has mating material}
1/2-1/2

[Event "GambitGuide"]
[Site "Internet Chess Club"]
[Date "2014.10.30"]
[Round "1"]
[White "JSBach"]
[Black "Zheus"]
[Result "1-0"]
[ICCResult "Black resigns"]
[WhiteElo "1662"]
[BlackElo "2019"]
[Opening "Vienna: `Frankenstein-Dracula' variation"]
[ECO "C27"]
[NIC "VG.02"]
[Time "17:04:35"]
[TimeControl "120+12"]

1. e4 e5 2. Nc3 Nf6 3. Bc4 Nxe4 4. Qh5 Nd6 5. Bb3 Nc6 6. Nb5 g6 7. Qf3 f5 8.
Qd5 Qe7 9. Nxc7+ Kd8 10. Nxa8 b6 11. Ba4 Bb7 12. Nxb6 axb6 13. Qb3 Kc7 14.
Ne2 Na5 15. Qg3 Ne4 16. Qh3 Qb4 17. b3 b5 18. c3 Qc5 19. d4 Qb6 20. f3 bxa4
21. fxe4 axb3 22. axb3 Nxb3 23. Rb1 Bxe4 24. Qg3 Qe6 25. Rxb3 f4 26. Qg5
Qxb3 27. Qxe5+ {Black resigns} 1-0

[Event "GambitGuide"]
[Site "Internet Chess Club"]
[Date "2014.10.30"]
[Round "1"]
[White "JSBach"]
[Black "Augustus"]
[Result "1-0"]
[ICCResult "Black resigns"]
[WhiteElo "1662"]
[BlackElo "1003"]
[Opening "Vienna: `Frankenstein-Dracula' variation"]
[ECO "C27"]
[NIC "VG.02"]
[Time "17:04:14"]
[TimeControl "120+12"]

1. e4 e5 2. Nc3 Nf6 3. Bc4 Nxe4 4. Qh5 Nd6 5. Bb3 Nc6 6. Nb5 g6 7. Qf3 f5 8.
Qd5 Qe7 9. Nxc7+ Kd8 10. Nxa8 b6 11. Ba4 Bb7 12. Nxb6 axb6 13. Qb3 Kc7 14.
Ne2 e4 15. Qd5 Nb4 16. Qd4 Nxc2+ 17. Bxc2 Nb5 18. Qxh8 e3 19. dxe3 Bxg2 20.
Rg1 Be4 21. Nc3 Nxc3 22. Qxc3+ Kd8 23. Bb3 Qc5 24. Qh8 {Black resigns} 1-0

[Event "GambitGuide"]
[Site "Internet Chess Club"]
[Date "2014.10.30"]
[Round "1"]
[White "JSBach"]
[Black "Zheus"]
[Result "1-0"]
[ICCResult "Black resigns"]
[WhiteElo "1662"]
[BlackElo "2019"]
[Opening "Vienna: `Frankenstein-Dracula' variation"]
[ECO "C27"]
[NIC "VG.02"]
[Time "17:05:49"]
[TimeControl "120+12"]

1. e4 e5 2. Nc3 Nf6 3. Bc4 Nxe4 4. Qh5 Nd6 5. Bb3 Nc6 6. Nb5 g6 7. Qf3 f5 8.
Qd5 Qe7 9. Nxc7+ Kd8 10. Nxa8 b6 11. Ba4 Bb7 12. Nxb6 axb6 13. Qb3 Kc7 14.
Ne2 Na5 15. Qh3 b5 16. Qc3+ Bc6 17. Qxa5+ {Black resigns} 1-0

[Event "GambitGuide"]
[Site "Internet Chess Club"]
[Date "2014.10.30"]
[Round "1"]
[White "JSBach"]
[Black "Zheus"]
[Result "1-0"]
[ICCResult "Black resigns"]
[WhiteElo "1662"]
[BlackElo "2019"]
[Opening "Vienna: `Frankenstein-Dracula' variation"]
[ECO "C27"]
[NIC "VG.02"]
[Time "17:06:05"]
[TimeControl "120+12"]

1. e4 e5 2. Nc3 Nf6 3. Bc4 Nxe4 4. Qh5 Nd6 5. Bb3 Nc6 6. Nb5 g6 7. Qf3 f5 8.
Qd5 Qe7 9. Nxc7+ Kd8 10. Nxa8 b6 11. Ba4 Bb7 12. Nxb6 axb6 13. Qb3 Kc7 14.
Ne2 Na5 15. Qh3 b5 16. Qc3+ {Black resigns} 1-0

[Event "GambitGuide"]
[Site "Internet Chess Club"]
[Date "2014.10.30"]
[Round "1"]
[White "JSBach"]
[Black "PazificDreams"]
[Result "1/2-1/2"]
[ICCResult "Game drawn by repetition"]
[WhiteElo "1662"]
[BlackElo "2724"]
[Opening "Vienna: `Frankenstein-Dracula' variation"]
[ECO "C27"]
[NIC "VG.02"]
[Time "17:01:55"]
[TimeControl "120+12"]

1. e4 e5 2. Nc3 Nf6 3. Bc4 Nxe4 4. Qh5 Nd6 5. Bb3 Nc6 6. Nb5 g6 7. Qf3 f5 8.
Qd5 Qe7 9. Nxc7+ Kd8 10. Nxa8 b6 11. Ba4 Bb7 12. Nxb6 axb6 13. Qb3 Kc7 14.
Ne2 Ne4 15. d3 Nc5 16. Qa3 Qf6 17. Be3 d5 18. Bxc6 Qxc6 19. d4 Na6 20. Qb3
e4 21. O-O Kd7 22. Nf4 g5 23. Ne2 f4 24. Bd2 Nc7 25. Rae1 Ba6 26. h4 h6 27.
c3 h5 28. hxg5 f3 29. gxf3 exf3 30. Nf4 Rg8 31. Nxh5 Be7 32. Re5 Bxf1 33.
Kxf1 Rh8 34. Ng3 Qg6 35. c4 dxc4 36. Qxc4 Bd6 37. a3 Bxe5 38. dxe5 Re8 39.
Qd4+ Kc8 40. Ne4 Rd8 41. Nd6+ Rxd6 42. exd6 Ne8 43. d7+ Kd8 44. dxe8=Q+ Kxe8
45. Qa4+ Kd8 46. Qd4+ Ke8 47. Qa4+ Kd8 48. Qa8+ Kd7 49. Qb7+ Kd8 50. Qd5+
Ke8 51. Qa8+ Kd7 52. Qb7+ Kd8 53. Qd5+ Ke8 54. Qa8+ Kd7 55. Qb7+ Kd8 56.
Qd5+ Ke8 57. Qa8+ {Game drawn by repetition} 1/2-1/2

[Event "GambitGuide"]
[Site "Internet Chess Club"]
[Date "2014.10.30"]
[Round "1"]
[White "JSBach"]
[Black "mikyoo"]
[Result "1-0"]
[ICCResult "Black resigns"]
[WhiteElo "1662"]
[BlackElo "1387"]
[Opening "Vienna: `Frankenstein-Dracula' variation"]
[ECO "C27"]
[NIC "VG.02"]
[Time "17:00:03"]
[TimeControl "120+12"]

1. e4 e5 2. Nc3 Nf6 3. Bc4 Nxe4 4. Qh5 Nd6 5. Bb3 Nc6 6. Nb5 g6 7. Qf3 f5 8.
Qd5 Qe7 9. Nxc7+ Kd8 10. Nxa8 b6 11. Ba4 Bb7 12. Nxb6 axb6 13. Qb3 b5 14.
Nf3 e4 15. Ng1 bxa4 16. Qxa4 Bg7 17. Rb1 Re8 18. Ne2 g5 19. Nc3 f4 20. Nd5
Qe5 21. c4 e3 22. fxe3 fxe3 23. Nxe3 Nf5 24. O-O Ncd4 25. Nxf5 Nxf5 26. d3
Qe2 27. Qa5+ Kc8 28. Qc5+ Bc6 29. Rf2 Qd1+ 30. Rf1 Qxd3 31. Qxf5 Bd4+ 32.
Be3 Bxe3+ 33. Kh1 Qe2 34. Qh3 g4 35. Qg3 h5 36. Rfe1 Qd3 37. Rbd1 Qe4 38.
Re2 d6 39. Rde1 Qxc4 40. b3 Qc5 41. Rxe3 Rxe3 42. Qxe3 {Black resigns} 1-0